 Dungeon Crawl Stone Soup version 0.30-a0-1043-g60ff8d5f49 (webtiles) character file.

Game seed: 11709545319159876754

20028 Pimp the Cleaver (level 12, -5/110 HPs)
             Began as a Hill Orc Fighter on Apr 10, 2023.
             Was an Elder of Cheibriados.
             Slain by Saint Roka
             ... wielding a +1 war axe
              (20 damage)
             ... on level 1 of the Orcish Mines.
             The game lasted 00:36:38 (13457 turns).

Pimp the Cleaver (Hill Orc Fighter)                Turns: 13457, Time: 00:36:40

Health: -5/110     AC: 25    Str: 32      XL:     12   Next: 75%
Magic:  18/18      EV: 18    Int: 20      God:    Cheibriados [****..]
Gold:   625        SH: 14    Dex: 28 (29) Spells: 18/19 levels left

rFire   . . .      SeeInvis .    J - +4 war axe (heavy)
rCold   . . .      Faith    .    M - +0 kite shield
rNeg    . . .      Spirit   .    h - +2 plate armour {rPois}
rPois   +          Reflect  .    n - +1 hat
rElec   .          Rampage  .    q - +2 cloak
rCorr   .                        N - +0 pair of fencer's gloves {Riposte Dex+3}
Will    .....                    f - +0 pair of boots Stlth
                                 H - amulet of magic regeneration
HPRegen 0.38/turn                p - +6 ring of dexterity
MPRegen 0.56/turn                x - +5 ring of evasion

@: very slow
A: horns 1, iridescent scales 1, deterioration 1
a: Renounce Religion, Convert to Beogh, Bend Time, Temporal Distortion, Slouch


You were on level 1 of the Orcish Mines.
You worshipped Cheibriados.
Cheibriados was greatly pleased with you.
You visited 3 branches of the dungeon, and saw 14 of its levels.

You collected 814 gold pieces.
You spent 189 gold pieces at shops.

Inventory:

Hand Weapons
 a - a +1 heavy war axe
 I - the +4 quarterstaff of Action {spect, Will+ rCorr Int+4 Stlth+}
   (You found it on level 7 of the Dungeon)

   Int:       It affects your intelligence (+4).
   rCorr:     It protects you from acid and corrosion.
   Will:      It increases your willpower.
   Stlth:     It makes you more stealthy.
 J - a +4 heavy war axe (weapon)
Missiles
 s - 6 javelins
Armour
 b - a +0 scale mail
 c - a +0 buckler
 f - a +0 pair of boots (worn)
 h - a +2 plate armour of poison resistance (worn)
 n - a +1 hat (worn)
 o - a +2 helmet
 q - a +2 cloak (worn)
 r - the +2 robe of Sefudued {rElec rN+}
   (You found it on level 2 of the Dungeon)

   rElec:     It insulates you from electricity.
   rN:        It protects you from negative energy.
 t - a +0 pair of gloves
 w - a +0 chain mail
 A - a +1 scale mail of cold resistance
 M - a +0 kite shield (worn)
 N - the +0 pair of fencer's gloves (worn) {Riposte Dex+3}
   (You acquired it on level 10 of the Dungeon)

   Riposte:   It allows the wearer to riposte with melee weapons, swiftly
   retaliating against missed or blocked melee attacks.
   Dex:       It affects your dexterity (+3).
Jewellery
 k - a ring of fire
 p - a +6 ring of dexterity (left hand)
 u - a ring of resist corrosion
 x - a +5 ring of evasion (right hand)
 H - an amulet of magic regeneration (around neck)
 K - a ring of protection from fire
Wands
 j - a wand of flame (39)
 y - a wand of polymorph (4)
 D - a wand of acid (16) (quivered)
 F - a wand of charming (3)
Scrolls
 d - 4 scrolls of identify
 e - a scroll of amnesia
 i - 3 scrolls of poison
 m - 3 scrolls of teleportation
 E - 3 scrolls of fog
 G - a scroll of immolation
 L - a scroll of enchant armour
Potions
 l - 2 potions of flight
 v - 2 potions of attraction
 z - a potion of cancellation
 C - 2 potions of brilliance


   Skills:
 + Level 11.0 Fighting
 + Level 11.7 Axes
 + Level 10.1 Armour
 + Level 7.0 Dodging
 + Level 10.2 Shields
 * Level 4.1 Spellcasting
 + Level 3.7 Conjurations
 + Level 4.1 Fire Magic


You had 18 spell levels left.
You knew the following spells:

 Your Spells              Type           Power      Damage    Failure   Level
a - Foxfire               Conj/Fire      80%        2x1d8     34%         1

Your spell library contained the following spells:

 Spells                   Type           Power      Damage    Failure   Level
 Shock                    Conj/Air       44%        1d5       65%         1
 Ozocubu's Armour         Ice            4%         N/A       99%         3
 Swiftness                Air            4%         N/A       99%         3
 Airstrike                Air            2%         2d(1-17)  100%        4
 Summon Ice Beast         Ice/Summ       4%         N/A       100%        4
 Blade Hands              Tmut           2%         N/A       100%        5
 Fireball                 Conj/Fire      10%        3d6       100%        5
 Irradiate                Conj/Tmut      5%         3d13      100%        5
 Metabolic Englaciation   Hex/Ice        2%         N/A       100%        5
 Summon Mana Viper        Hex/Summ       4%         N/A       100%        5
 Plasma Beam              Fire/Air       6%         2x1d18    100%        6
 Simulacrum               Ice/Necr       2%         N/A       100%        6
 Starburst                Conj/Fire      10%        6d5       100%        6
 Dragon Form              Tmut           2%         N/A       100%        7
 Monstrous Menagerie      Summ           2%         N/A       100%        7


Dungeon Overview and Level Annotations

Branches:
Dungeon (11/15)            Temple (1/1) D:4            Lair (0/5) D:9
    Orc (2/2) D:10
    Elf: Orc:2

Altars:
Ashenzari
Cheibriados
Dithmenos
Elyvilon
Fedhas
Gozag
Hepliaklqana
Kikubaaqudgha
Makhleb
Nemelex Xobeh
Okawaru
Qazlal
Ru
Sif Muna
Trog
Uskayaw
Vehumet
Wu Jian
Xom
Yredelemnul
Zin
The Shining One
Beogh

Shops:
D:5 [

Annotations:
D:8 3 runed translucent doors, Pokonic1's ghost, novice DsFi
Orc:1 Saint Roka


Innate Abilities, Weirdness & Mutations

You have a pair of small horns on your head.
You are partially covered in iridescent scales. (AC +2)
Your body sometimes deteriorates upon taking damage.


Message History

Saint Roka calls down the wrath of Beogh upon you.
Beogh smites you!
* * * LOW HITPOINT WARNING * * *
Okay, then.
Okay, then.
You barely miss Saint Roka. You headbutt Saint Roka.
Saint Roka is severely wounded.
Saint Roka misses you.
You slice Saint Roka!!
Saint Roka is almost dead.
Saint Roka closely misses you.
You riposte.
You slash Saint Roka!
Saint Roka is almost dead.
You block Saint Roka's attack.
You riposte.
You hit Saint Roka.
Saint Roka threatens, "By the altar or by the axe, you will meet Beogh!"
Your headbutt misses Saint Roka.
Saint Roka is almost dead.
You hit Saint Roka but do no damage. You headbutt Saint Roka.
Saint Roka is almost dead.
You block Saint Roka's attack.
You feel better.
Saint Roka invokes the aid of Beogh against you.
Beogh smites you!
You barely miss Saint Roka. Your headbutt misses Saint Roka.
Saint Roka is almost dead.
Saint Roka calls down the wrath of Beogh upon you.
Beogh smites you!
* * * LOW HITPOINT WARNING * * *
Saint Roka hits you but does no damage.
You closely miss Saint Roka.
Saint Roka is almost dead.
You block Saint Roka's attack.
You riposte.
You slash Saint Roka! You headbutt Saint Roka.
Saint Roka is almost dead.
You hit Saint Roka but do no damage.
Saint Roka is almost dead.
Saint Roka mumbles some strange prayers to Beogh against you.
Beogh smites you!
* * * LOW HITPOINT WARNING * * *
Saint Roka hits you with a +1 war axe!!
You die...

##..# #..........#.##
###...###.............#
#.......#.._.......#.##
#..................###
####.....[.......#.....#
##........#..........#.##
#........##.........####
#.......###o.[..#...#
#.#.....###[@...##..##
###.....#..[.....#...#
#.#.........#####.##
###......<.## ###
##........# #.#..#####
###..# ####


You could see Saint Roka (poisoned).

Vanquished Creatures
  An orc warlord (Orc:1)
  Erolcha (Orc:1)
  A boulder beetle (D:10)
  2 two-headed ogres
  Amaemon (D:8)
  Pikel (D:5)
  An orc knight (D:10)
  The ghost of coolio the Cudgeller, a novice OgEE of Sif Muna (D:6)
  2 orc sorcerers
  5 ugly things
  A cyclops (D:8)
  4 centaur zombies (D:10)
  An orange demon (D:8)
  A meliai (D:10)
  7 trolls
  A hornet (D:9)
  3 wyverns
  2 shadows
  13 yaks
  A warg (Orc:1)
  A steam dragon (D:10)
  An acid dragon (D:10)
  5 water moccasins
  Duvessa (D:5)
  6 orc warriors
  An ice beast (D:6)
  A sky beast (D:6)
  4 ogres
  3 black bears
  2 centaurs
  The ghost of oldplebian the Poker, an amateur MfGl (D:4)
  2 wolves (D:9)
  2 phantoms (D:10)
  2 bullfrogs
  A kobold brigand (D:7)
  2 gnoll sergeants
  2 necrophages (D:10)
  A scorpion (D:5)
  A troll zombie (D:10)
  14 wights
  Dowan (D:5)
  3 electric eels (D:9)
  A howler monkey (D:5)
  A human zombie (D:10)
  4 orc priests
  3 gnoll boudas
  7 hounds
  5 jellies
  2 iguanas
  12 orc wizards
  7 ogre zombies (D:10)
  2 mummies (D:10)
  27 gnolls
  6 adders
  5 shadow imps
  2 white imps (D:7)
  5 ufetubi
  5 worms
  4 dart slugs
  39 orcs
  5 ball pythons
  4 bats (D:1)
  3 endoplasms
  2 giant cockroaches
  7 goblins
  6 hobgoblins
  3 jackals (D:4)
  8 kobolds
  2 quokkas (D:1)
  A frilled lizard (D:1)
  A goblin skeleton (D:10)
  4 goblin zombies (D:10)
  A hobgoblin skeleton (D:10)
  2 hobgoblin zombies (D:10)
  4 orc skeletons (D:10)
  13 orc zombies (D:10)
  8 rats
318 creatures vanquished.

Vanquished Creatures (others)
  An orc priest (D:10)
  An orc wizard (D:9)
  9 demonic plants (D:7)
11 creatures vanquished.

Grand Total: 329 creatures vanquished

Notes
Turn   | Place    | Note
-------+----------+-------------------------------------------
     0 | D:1      | Pimp the Hill Orc Fighter began the quest for the Orb.
     0 | D:1      | Reached XP level 1. HP: 19/19 MP: 1/1
   165 | D:1      | Reached XP level 2. HP: 27/27 MP: 2/2
   604 | D:1      | Reached XP level 3. HP: 33/33 MP: 3/3
   725 | D:1      | Found a faded altar of an unknown god.
  1333 | D:2      | Identified the +2 robe of Sefudued {rElec rN+}
  1814 | D:3      | Reached XP level 4. HP: 13/40 MP: 4/4
  1815 | D:3      | Identified the +4 dagger "Yrph" {antimagic, rC+ Int+3
                  | Stlth+}
  2130 | D:3      | Found a hide-covered altar of Uskayaw.
  2133 | D:3      | You fall into a shaft and drop 1 floor!
  2135 | D:4      | Noticed an ogre
  2178 | D:4      | Killed an ogre
  2179 | D:4      | Reached skill level 1 in Dodging
  2179 | D:4      | Reached XP level 5. HP: 22/47 MP: 5/5
  2299 | D:4      | Reached XP level 6. HP: 28/55 MP: 6/6
  2509 | D:4      | Reached skill level 5 in Fighting
  2533 | D:4      | Found a staircase to the Ecumenical Temple.
  2719 | D:4      | Found a runed translucent door.
  2723 | D:4      | Noticed oldplebian's ghost (amateur MfGl)
  3423 | D:5      | Entered Level 5 of the Dungeon
  3581 | D:5      | Noticed Pikel
  3600 | D:5      | Killed Pikel
  3601 | D:5      | Reached skill level 5 in Axes
  3601 | D:5      | Reached skill level 5 in Armour
  3601 | D:5      | Reached skill level 5 in Shields
  3601 | D:5      | Reached XP level 7. HP: 51/63 MP: 7/7
  3601 | D:5      | Reached XP level 8. HP: 57/70 MP: 8/8
  4107 | D:5      | Found Halul's Antique Armour Shop.
  4148 | D:5      | Bought a runed scale mail for 189 gold pieces
  4408 | D:5      | Noticed Duvessa
  4408 | D:5      | Noticed Dowan
  4418 | D:5      | Killed Duvessa
  4420 | D:5      | Killed Dowan
  4860 | D:6      | Reached XP level 9. HP: 79/79 MP: 9/9
  4913 | D:6      | Found a runed translucent door.
  4921 | D:6      | Noticed coolio's ghost (novice OgEE)
  5497 | D:6      | Found a broken altar of Ashenzari.
  5532 | D:6      | Found a shimmering altar of Xom.
  5532 | D:6      | Found a shadowy altar of Dithmenos.
  5670 | D:6      | Killed coolio's ghost
  6349 | D:7      | Reached XP level 10. HP: 22/88 MP: 10/10
  6661 | D:7      | Identified the +4 quarterstaff of Action {spect, Will+
                  | rCorr Int+4 Stlth+}
  6708 | D:7      | Identified the +2 ring mail "Qodoec" {rPois rN+ Will+}
  6730 | D:7      | Found a stormy altar of Qazlal.
  7247 | D:8      | Noticed an orange demon
  7248 | D:8      | Found a runed translucent gate.
  7249 | D:8      | Noticed a red ugly thing
  7250 | D:8      | Found a runed translucent gate.
  7250 | D:8      | Noticed Amaemon
  7260 | D:8      | Noticed a cyan ugly thing
  7260 | D:8      | Noticed a cyan ugly thing
  7260 | D:8      | Noticed a cyan ugly thing
  7519 | D:8      | Reached skill level 5 in Dodging
  8030 | D:8      | Gained mutation: Armour fits poorly on your strangely
                  | shaped body. [potion of mutation]
  8030 | D:8      | Gained mutation: You are agile. (Dex +4, Str/Int -1)
                  | [potion of mutation]
  8030 | D:8      | Gained mutation: You have large cloven feet. [potion of
                  | mutation]
  8030 | D:8      | Gained mutation: You have a pair of small horns on your
                  | head. [potion of mutation]
  8042 | D:8      | Lost mutation: You are agile. (Dex +4, Str/Int -1) [potion
                  | of mutation]
  8042 | D:8      | Lost mutation: Armour fits poorly on your strangely shaped
                  | body. [potion of mutation]
  8042 | D:8      | Gained mutation: Your body sometimes deteriorates upon
                  | taking damage. [potion of mutation]
  8042 | D:8      | Gained mutation: You are dopey. (Int -2) [potion of
                  | mutation]
  8044 | D:8      | Lost mutation: You have large cloven feet. [potion of
                  | mutation]
  8044 | D:8      | Lost mutation: You are dopey. (Int -2) [potion of mutation]
  8044 | D:8      | Lost mutation: You have a pair of small horns on your head.
                  | [potion of mutation]
  8044 | D:8      | Gained mutation: You are partially covered in iridescent
                  | scales. (AC +2) [potion of mutation]
  8044 | D:8      | Gained mutation: You have a pair of small horns on your
                  | head. [potion of mutation]
  8044 | D:8      | Lost mutation: You have a pair of small horns on your head.
                  | [potion of mutation]
  8044 | D:8      | Gained mutation: You have a pair of small horns on your
                  | head. [potion of mutation]
  8275 | D:8      | Noticed a cyclops
  8304 | D:8      | Killed a cyclops
  8395 | D:8      | Found a sacrificial altar of Ru.
  8397 | D:8      | Found a white marble altar of Elyvilon.
  8480 | D:8      | Killed an orange demon
  8572 | D:8      | Killed Amaemon
  8729 | D:8      | Found a runed translucent gate.
  8729 | D:8      | Noticed a purple ugly thing
  8783 | D:8      | Found a glowing silver altar of Zin.
  8787 | D:8      | Found a glowing golden altar of the Shining One.
  8891 | D:8      | Reached skill level 10 in Axes
  9351 | D:8      | Killed a green ugly thing
  9352 | D:8      | Reached XP level 11. HP: 24/99 MP: 11/11
  9373 | D:7      | Killed a red ugly thing
  9554 | D:7      | Killed a purple ugly thing
  9561 | D:7      | Killed a purple ugly thing
  9562 | D:7      | Reached skill level 10 in Fighting
  9568 | D:7      | Killed a cyan ugly thing
  9696 | D:8      | Found a runed translucent gate.
  9696 | D:8      | Found a runed translucent gate.
  9697 | D:8      | Noticed Pokonic1's ghost (novice DsFi)
  9700 | D:8      | Found a runed translucent gate.
  9753 | D:8      | Learned a level 1 spell: Foxfire
  9792 | D:8      | Noticed a salamander
  9797 | D:8      | a salamander changed into a polar bear
  9947 | Temple   | Entered the Ecumenical Temple
  9977 | Temple   | Became a worshipper of Cheibriados the Contemplative
 10062 | D:4      | Killed oldplebian's ghost
 10270 | D:9      | Reached skill level 1 in Conjurations
 10270 | D:9      | Reached skill level 1 in Fire Magic
 10281 | D:9      | Reached skill level 1 in Spellcasting
 10291 | D:9      | Noticed a two-headed ogre
 10300 | D:9      | Killed a two-headed ogre
 10514 | D:9      | Found a staircase to the Lair.
 10522 | D:9      | Reached * piety under Cheibriados
 10814 | D:9      | Found a burning altar of Makhleb.
 11116 | D:9      | Paralysed by a hornet for 2 turns
 11537 | D:10     | Entered Level 10 of the Dungeon
 11688 | D:10     | Found an opulent altar of Gozag.
 11689 | D:10     | Found a sparkling altar of Nemelex Xobeh.
 11710 | D:10     | Noticed a two-headed ogre
 11717 | D:10     | Killed a two-headed ogre
 11895 | D:10     | Found a staircase to the Orcish Mines.
 11908 | D:10     | Reached ** piety under Cheibriados
 11917 | D:10     | Reached XP level 12. HP: 100/107 MP: 15/15
 12113 | D:10     | Reached *** piety under Cheibriados
 12272 | D:10     | Identified a scroll of acquirement
 12272 | D:10     | Acquired the +0 pair of fencer's gloves {Riposte Dex+3}
 12272 | D:10     | Found the +0 pair of fencer's gloves {Riposte Dex+3}
 12334 | D:10     | Found an ancient bone altar of Kikubaaqudgha.
 12485 | D:11     | Noticed a boulder beetle
 12664 | D:10     | Killed a boulder beetle
 12849 | Orc:1    | Entered Level 1 of the Orcish Mines
 12854 | Orc:1    | Found a roughly hewn altar of Beogh.
 12934 | Orc:2    | Entered Level 2 of the Orcish Mines
 12941 | Orc:1    | Reached skill level 10 in Shields
 12955 | Orc:2    | Noticed Erolcha
 13064 | Orc:2    | Noticed an orc warlord
 13073 | Orc:1    | Killed Erolcha
 13073 | Orc:1    | Reached **** piety under Cheibriados
 13074 | Orc:1    | Reached skill level 10 in Armour
 13156 | Orc:2    | Noticed Saint Roka
 13161 | Orc:1    | Killed an orc warlord
 13457 | Orc:1    | Slain by Saint Roka

Illustrated notes

Levels and vault maps discovered:
D:1:      dpeg_arrival_oval, layout_loops_corners, serial_glass,
          glass_columns_a, glass_columns_a, due_unseen_surprise,
          ebering_ecumenical_altar_sacrificial
D:2:      layout_loops_ring, minmay_misc_feat_chi, minmay_ruptured
D:3:      layout_basic, nicolae_uskayaw_dance_hall
D:4:      layout_basic, minmay_temple_entry_enclosed_plants,
          ebering_ghost_sewer_d, minmay_liquid_box, kennysheep_potato
D:5:      dreamdust_elfheim, layout_loops_corners, serial_shops, shop_statue,
          uniq_pikel
D:6:      layout_basic, gammafunk_temple_overflow_elements, marbit_many_paths,
          ebering_ghost_reflecting_pool
D:7:      layout_basic, mainiacjoe_overflow_chevrons, serial_demonic,
          serial_demonic_g, serial_demonic_b, serial_demonic_b,
          serial_demonic_g, serial_demonic_c, serial_demonic_f,
          serial_demonic_g, serial_demonic_d
D:8:      layout_layer_cave, good_gods_mini_temple, hangedman_ru_absence,
          ploomutoo_gammafunk_ghost_potion_laboratory, uniq_amaemon
D:9:      layout_loops_corners, mainiacjoe_overflow_small_starburst,
          erik_lair_island
D:10:     layout_small_grid, grunt_temple_overflow_opulence,
          lemuel_mausoleum_altar_kikubaaqudgha, zombieorc2_lemuel,
          dk_noncrumbling_2
D:11:     minmay_ambush_box, layout_basic
Temple:   chequers_temple_sunken
Orc:1:    layout_diamond_mine, basic_altar
Orc:2:    kennysheep_orc_mage_school, layout_caves, serial_shops,
          nicolae_shop_behind_doors, uniq_erolcha, uniq_saint_roka

Skill      XL: |  1  2  3  4  5  6  7  8  9 10 11 12 |
---------------+-------------------------------------+-----
Axes           | 3 4 5 7 8 10 11 | 11.7
Fighting       | 4 6 7 8 9 10 11 | 11.0
Shields        | 4 5 6 7 8 9 10 | 10.2
Armour         | 4 5 6 7 8 9 10 | 10.1
Dodging        | 1 2 3 4 5 6 7 |  7.0
Conjurations   | 2 3 |  3.7
Fire Magic     | 2 4 |  4.1
Spellcasting   | 2 4 |  4.1

Action                     |  1- 3 |  4- 6 |  7- 9 | 10-12 || total
---------------------------+-------+-------+-------+-------++-------
  Melee: War axe           |    90 |   115 |   257 |   533 ||   995
         Headbutt          |       |       |       |   105 ||   105
  Evoke: Wand              |       |       |       |     8 ||     8
    Use: Scroll            |       |    14 |       |     9 ||    23
         Potion            |       |       |     3 |    16 ||    19
 Armour: Scale mail        |    32 |    47 |   148 |    97 ||   324
         Chain mail        |       |       |     8 |       ||     8
         Plate armour      |       |       |       |   202 ||   202
  Dodge: Dodged            |    39 |    48 |   180 |   505 ||   772
  Block: Buckler           |    16 |    30 |    99 |   238 ||   383
         Kite shield       |       |       |       |    11 ||    11
Riposte: War axe           |       |       |       |    31 ||    31

Table legend: (Time is in decaauts)
 A = Elapsed time spent in this place.
 B = Non-inter-level travel time spent in this place.
 C = Inter-level travel time spent in this place.
 D = Time resting spent in this place.
 E = Time spent auto-exploring this place.
 F = Levels seen in this place.
 G = Mean time per level.
                   A        B        C        D        E       F      G
               +--------+--------+--------+--------+--------+-----+--------+
         Total |  14517 |  13709 |    808 |   2935 |   7952 |  14 | 1036.9 |
       Dungeon |  13752 |  12973 |    779 |   2518 |   7841 |  11 | 1250.2 |
        Temple |     68 |     40 |     28 |      0 |      5 |   1 |   68.0 |
  Orcish Mines |    696 |    696 |      0 |    417 |    106 |   2 |  348.0 |
               +--------+--------+--------+--------+--------+-----+--------+

Top non-repeatable levels by time:
     D:7: 2084 daAuts
     D:8: 2081 daAuts
    D:10: 1755 daAuts
     D:9: 1678 daAuts
     D:4: 1471 daAuts
     D:5: 1412 daAuts
     D:6: 1091 daAuts
     D:1: 868 daAuts
     D:2: 783 daAuts
   Orc:1: 631 daAuts
     D:3: 515 daAuts
  Temple: 68 daAuts
   Orc:2: 64 daAuts
    D:11: 9 daAuts
